AoeStats
← Spieler1237765

Coastal Forest

510614446Analyzed
2v2 RM · 15h ago on Oct 1, 2026· 46m 10s· 4 players
Game mode
Random Map
Map size
Medium (4 player)
Population
200
Speed
Normal
Resources
Standard
Victory
Conquest
Starting age
Dark Age
Ending age
Imperial Age
RankedLock teamsTeams togetherTeam positionsShared explorationLock speedFull tech treeHidden civsTurbo modeCheats
Victory
Defeat
🇩🇪 Malay · Germany
801
+15
🇩🇪 Italians · Germany
755
+16
🇩🇪 Ethiopians · Germany
790
-42
🇩🇪 Ethiopians · Germany
756
-36
Icewulf 11
0:30 Loom
13:16 Feudal Age
13:49 Double-Bit Axe
14:43 Horse Collar
20:33 Castle Age
19:38 Forging
20:17 Padded Archer Armor
20:22 Stone Mining
21:15 Fletching
21:22 Crossbowman
22:38 Leather Archer Armor
23:08 Scale Mail Armor
25:33 Bodkin Arrow
27:05 Iron Casting
28:38 Chain Mail Armor
29:27 Murder Holes
29:50 Bow Saw
29:57 Heavy Plow
35:58 Imperial Age
37:48 Chemistry
38:17 Blast Furnace
38:13 Plate Mail Armor
39:15 Ring Archer Armor
40:21 Bracer
41:06 Elite Genoese Crossbowman
44:42 Ballistics
45:25 Two-Man Saw
45:02 Wheelbarrow
43:54 Spies/Treason
strahil_2009
0:42 Loom
13:50 Feudal Age
13:32 Horse Collar
13:42 Double-Bit Axe
14:53 Wheelbarrow
16:39 Fishing Lines
21:42 Castle Age
20:27 Gold Mining
20:28 Stone Mining
20:52 Forging
24:02 Gold Shaft Mining
24:23 Gillnets
25:20 Hand Cart
28:42 Bow Saw
29:21 Heavy Plow
31:36 Stone Shaft Mining
35:35 Imperial Age
34:21 Elite Karambit Warrior
35:22 Conscription
37:39 Spies/Treason
46:01 Caravan
46:38 Iron Casting
45:55 Fletching
46:05 Padded Archer Armor
Spieler1237765
14:11 Feudal Age
15:55 Feudal Age
27:11 Double-Bit Axe
28:25 Scale Mail Armor
30:15 Padded Archer Armor
Glatzlord
16:18 Feudal Age
17:40 Wheelbarrow
16:52 Town Watch
22:48 Horse Collar
22:56 Double-Bit Axe
Connection lost

Rejoining the realm…

Still unreachable

The connection could not be restored.

Session expired

The server has moved on; the page needs a fresh start.